 Dungeon Crawl Stone Soup version 0.22-a0-605-g9281fa2 (webtiles) character file.

22 Amnesiac the Ducker (level 2, -2/14 HPs)
             Began as a Spriggan Transmuter on July 8, 2018.
             Killed by divine providence
             ... invoked by an orc priest
              (16 damage)
             ... on level 3 of the Dungeon.
             The game lasted 00:01:35 (1486 turns).

Amnesiac the Ducker (Spriggan Transmuter)           Turns: 1486, Time: 00:01:36

Health: -2/14      AC:  2    Str:  6    XL:     2   Next: 68%
Magic:  7/7        EV: 19    Int: 14    God:
Gold:   5          SH:  0    Dex: 16    Spells: 4/7 levels left

rFire    . . .     SeeInvis +     - Unarmed
rCold    . . .     Gourm    .   (shield restricted)
rNeg     . . .     Faith    .   b - +0 robe
rPois    .         Spirit   .   (helmet restricted)
rElec    .         Reflect  .   (no cloak)
rCorr    .         Harm     .   (gloves unavailable)
MR       .....                  (boots unavailable)
Stlth    +.........             (no amulet)
HPRegen  0.04/turn              (no ring)
MPRegen  0.10/turn              (no ring)

@: very quick
A: very small, unfitting armour, see invisible, herbivore, speed 3, slow
metabolism 2
a: no special abilities


You were on level 3 of the Dungeon.
You were not hungry.

You visited 1 branch of the dungeon, and saw 3 of its levels.

You collected 5 gold pieces.

Inventory:

Missiles
 a - 28 arrows
Armour
 b - a +0 robe (worn)
Scrolls
 c - a scroll of noise {!r, unknown}
 e - a scroll of enchant armour {!r, unknown}
 g - a scroll of enchant weapon {!r, unknown}
Potions
 f - a potion of resistance {!q, unknown}
 h - a potion of invisibility {!q, unknown}
 i - a potion of lignification {!q, unknown}
Comestibles
 d - 4 rations


   Skills:
 + Level 1.3 Fighting
 + Level 3.6 Dodging
 - Level 2.4 Unarmed Combat
 + Level 3.2 Spellcasting
 - Level 3.0 Transmutations


You had 4 spell levels left.
You knew the following spells:

 Your Spells              Type           Power        Failure   Level  Hunger
a - Beastly Appendage     Tmut           ##....       6%          1    #......
b - Sticks to Snakes      Tmut           ##......     10%         2    ##.....

Your spell library contained the following spells:

 Spells                   Type           Power        Failure   Level  Hunger
 Spider Form              Tmut/Pois      #.........   34%         3    ###....
 Blade Hands              Tmut           ##........   86%         5    ######.
 Ice Form                 Ice/Tmut       #.......     75%         4    #####..


Dungeon Overview and Level Annotations

Branches:
Dungeon (3/15)

Altars:
Fedhas
Gozag

Annotations:
D:2 Jessica


Innate Abilities, Weirdness & Mutations

You are very small and have problems with some larger weapons.
You are too small for most types of armour.
You have supernaturally acute eyesight. (SInv)
You are a herbivore.
You cover ground extremely quickly.
You need to consume almost no food.


Message History

The goblin closely misses you.
You hit the goblin.
You kill the goblin!
No target in view!
Things that are here:
a dagger; a goblin corpse Your transformation is almost over.
Your talons disappear.
Key pressed, stopping explore.
Found a whip.
There is an open door here.
You see here a stone.
Key pressed, stopping explore.
Done exploring.
Done exploring.
Done exploring.
There is a stone staircase leading down here.
You climb downwards.
Jessica the Apprentice Sorceress comes into view.
She is wielding an enchanted club.
Jessica shouts!
There is a stone staircase leading up here.
You climb upwards.
There is a stone staircase leading down here.
There is a stone staircase leading down here.
You climb downwards.
Level annotation: Jessica
Found a scale mail.
Found an escape hatch in the floor.
There is a stone staircase leading up here.
There is an escape hatch in the floor here.
You slide downwards.
The hatch slams shut behind you. 2 jackals and an orc priest come into view.
The orc priest shouts!
The jackal barks! x2
Found a dagger.
A quokka and a giant cockroach come into view.
Found a fuming sapphire potion and a scroll labeled YFEHOD VEMOYTU.
You open the door. The giant cockroach barely misses you.
There is an open door here.
As you open the door, it creaks loudly!
You hear a shout!
There is an open door here.
You see here a fuming sapphire potion {!q}.
i - a fuming sapphire potion {!q} The giant cockroach misses you.
The giant cockroach waves its antennae.
As you open the door, it creaks loudly!
You hear a shout! x5
You hear an angry hiss.
The giant cockroach closely misses you.
An adder comes into view.
Found a blossoming altar of Fedhas. 3 orcs and 2 orc wizards come into view.
The orc shouts! x2; You hear a shout!
Found an opulent altar of Gozag.
There is an open door here.
The giant cockroach closely misses you.
There is an open door here.
You open the door.
There is an open door here.
A leopard gecko comes into view.
Found an escape hatch in the floor.
The leopard gecko hisses angrily.
The giant cockroach waves its antennae.
The orc priest calls down the wrath of Beogh upon you.
Beogh smites you!
Ouch! That really hurt!
You die...

.. .# ..#.# #### #.......#.#
#.l.. #.........#.....#
#......#..#....#
#......#..#....+
#......#.......# ...o
#......+@..?...+ ....###
#.....##.....## .......
+.....'s.....#
_.....o###.....##..##.#
....o..#........##.##.#####+##
..⌠o...####'###'##o.#.........
.......#..o.........#........#
...._So'.o.......o.....).....#
......##.............#.......#


You could see an orc priest and a leopard gecko.

Vanquished Creatures
  2 leopard geckos (D:1)
  5 hobgoblins (D:1)
  3 ball pythons (D:1)
  2 bats (D:1)
  2 frilled lizards (D:1)
  2 goblins (D:1)
  2 kobolds (D:1)
  3 rats (D:1)
21 creatures vanquished.

Notes
Turn   | Place    | Note
-------+----------+-------------------------------------------
     0 | D:1      | Amnesiac the Spriggan Transmuter began the quest for the Orb.
     0 | D:1      | Reached XP level 1. HP: 9/9 MP: 5/5
   100 | D:1      | Reached skill level 1 in Fighting
   412 | D:1      | Reached XP level 2. HP: 9/14 MP: 4/6
   419 | D:1      | Learned a level 2 spell: Sticks to Snakes
  1400 | D:2      | Noticed Jessica
  1473 | D:3      | Found a blossoming altar of Fedhas.
  1474 | D:3      | Found an opulent altar of Gozag.
  1486 | D:3      | Killed from afar by an orc priest

Vault maps used:
D:1:      zaba_arrival_water
D:2:      lemuel_crystal_altar, nicolae_overflow_hidden_temple,
          roderic_lattice_a, minmay_lizard_king, uniq_jessica, uniq_sigmund
D:3:      yredelemnul_forgotten_temple_becter, grunt_temple_overflow_open,
          lemuel_round_altar, uniq_purgy

Skill      XL: |  1  2 |
---------------+-------+-----
Fighting       | 1 |  1.3
Transmutations | 3 |  3.0
Spellcasting   | 3 |  3.2
Dodging        | |  3.6
Unarmed Combat | |  2.4

Action                   || total
-------------------------++-------
Melee: Unarmed           ||    88
       Kick              ||     8
       Headbutt          ||     7
 Cast: Beastly Appendage ||    13
Armor: Robe              ||    10
Dodge: Dodged            ||    77

Table legend:
 A = Spawn XP
 B = Non-spawn XP
 C = Spawn XP percentage of total XP
 D = Spawn monster count
 E = Non-spawn monster count
 F = Spawn count percentage of total count
 G = Total turns spent on level
                    A         B        C        D         E        F      G
               +---------+---------+-------+---------+---------+-------+---------
         Total |       0 |      32 |   0.0 |       0 |      21 |   0.0 |  1486
               +---------+---------+-------+---------+---------+-------+---------
           D:1 |       0 |      32 |   0.0 |       0 |      21 |   0.0 |  1435
               +---------+---------+-------+---------+---------+-------+---------
